 Dungeon Crawl Stone Soup version 0.20-a0-266-gdedccd6 (webtiles) character file.

25 Jarlath the Charmwright (level 2, -2/19 HPs)
             Began as a High Elf Skald on Dec 5, 2016.
             Killed from afar by Natasha (5 damage)
             ... with a magic dart
             ... on level 2 of the Dungeon.
             The game lasted 00:01:00 (1028 turns).

Jarlath the Charmwright (High Elf Skald)            Turns: 1028, Time: 00:01:00

Health: -2/19      AC:  6    Str: 11    XL:     2   Next: 82%
Magic:  6/7        EV: 11    Int: 15    God:
Gold:   30         SH:  0    Dex: 14    Spells: 4/7 levels left

rFire  . . .     SeeInvis .     a - +0 falchion
rCold  . . .     Gourm    .     b - +0 leather armour
rNeg   . . .     Faith    .     (no shield)
rPois  .         Spirit   .     s - +0 helmet
rElec  .         Reflect  .     (no cloak)
rCorr  .         Harm     .     m - +1 pair of gloves
MR     .....                    (no boots)
Stlth  +.........               (no amulet)
                                (no ring)
                                (no ring)

@: infused, slowed, very slow
A: no striking features
a: no special abilities


You were on level 2 of the Dungeon.
You were hungry.

You visited 1 branch of the dungeon, and saw 2 of its levels.

You collected 30 gold pieces.

Inventory:

Hand Weapons
 a - a +0 falchion (weapon)
Missiles
 f - 47 arrows
Armour
 b - a +0 leather armour (worn)
 m - a +1 pair of gloves (worn)
 s - a +0 helmet (worn)
Jewellery
 i - an uncursed amulet of regeneration {unknown}
 j - an uncursed ring of protection from fire {unknown}
Scrolls
 e - a scroll of enchant armour {unknown}
 h - a scroll of identify {unknown}
 k - a scroll of fog {unknown}
 l - a scroll of immolation {unknown}
 r - a scroll of amnesia {unknown}
Potions
 o - a potion of degeneration {unknown}
 p - a potion of cure mutation {unknown}
Books
 c - a book of Battle

   Spells                             Type                      Level
   a - Infusion                       Charms                       1
   b - Shroud of Golubria             Charms/Translocation         2
   c - Song of Slaying                Charms                       2
   d - Spectral Weapon                Hexes/Charms                 3
   e - Regeneration                   Charms/Necromancy            3
Comestibles
 d - a bread ration
 g - 4 fruits
 n - a meat ration
 q - a royal jelly


   Skills:
 - Level 2.0 Fighting
 - Level 2.4 Long Blades
 - Level 0.8 Armour
 - Level 1.1 Dodging
 + Level 3.2 Spellcasting
 + Level 4.3 Charms


You had 4 spell levels left.
You knew the following spells:

 Your Spells              Type           Power        Failure   Level  Hunger
a - Infusion              Chrm           ###.         4%          1    #......
b - Shroud of Golubria    Chrm/Tloc      #.........   21%         2    ##.....


Dungeon Overview and Level Annotations

Branches:
Dungeon (2/15)

Altars:

Annotations:
D:2 Natasha


Message History

Natasha is heavily wounded.
Natasha stares at you and mumbles some strange words.
The magic dart hits you!
* * * LOW HITPOINT WARNING * * *
You are too injured to fight recklessly!
You are too injured to fight recklessly!
You are too injured to fight recklessly!
You are too injured to fight recklessly!
You are too injured to fight recklessly!
You are too injured to fight recklessly!
Natasha is nearby!
Casting: Infusion
Confirm with . or Enter, or press ? or * to list all spells.
You begin infusing your attacks with magical energy.
Natasha stares at you and mumbles some strange words.
The magic dart hits you!
* * * LOW HITPOINT WARNING * * *
Natasha casts a spell at you. The magic dart hits you!
You die...

..#####....#
#....##.##.#
...#.)...#.####
....##.#......####
....#..######....###.#
....#................#
...............#.#####
#####..........#.## #
...........#@.#
####.###..#######h#
..... ..... ... ..#..
.## #.... ..... #.....
####.. ..... ## .#
...). .# .. #### .# .#


You could see Natasha.

Vanquished Creatures
  An adder (D:2)
  3 goblins (D:1)
  2 hobgoblins
  4 bats
  5 frilled lizards
  5 rats (D:1)
20 creatures vanquished.

Notes
Turn   | Place    | Note
-------+----------+-------------------------------------------
     0 | D:1      | Jarlath the High Elf Skald began the quest for the Orb.
     0 | D:1      | Reached XP level 1. HP: 14/14 MP: 4/4
   389 | D:1      | Reached skill level 4 in Charms
   389 | D:1      | Reached XP level 2. HP: 10/19 MP: 6/6
   448 | D:1      | Learned a level 2 spell: Shroud of Golubria
  1020 | D:2      | Noticed Natasha
  1028 | D:2      | Killed from afar by Natasha

Vault maps used:
D:1:      minmay_arrival_solitary_statue, bh_walls_and_bars
D:2:      chequers_temple_overflow_minitemple, uniq_natasha

Skill      XL: |  1  2 |
---------------+-------+-----
Charms         | 4 |  4.3
Spellcasting   | 3 |  3.2
Fighting       | |  2.0
Long Blades    | |  2.4
Armour         | |  0.8
Dodging        | |  1.1

Action                   || total
-------------------------++-------
Melee: Falchion          ||    62
 Cast: Infusion          ||     3
       Shroud of Golubri ||     1
 Stab: Sleeping          ||     1
Armor: Leather armour    ||    18
Dodge: Dodged            ||    43
       Rpst.: Falchion   ||    13
